Map: Ulrena

Players

Furre - Winner!

  • Race: Zerg Zerg
  • League: Platinum

Casbah

  • Race: Terran Terran
  • League: Platinum

VOD

Have the link to the VOD?

Description

Time

  • Played on: Nov. 18, 2015, 10:24 p.m.
  • Length: 8:24
Show
View Real Time Build Order
Export as new Build Order

Furre Zerg - Winner!

Build Orders: Hatch First 

Get SALT Encoding   

  12  0:01  Drone  
  13  0:13  Overlord  
  13  0:21  Drone  
  14  0:32  Drone x2  
  16  0:35  Drone  
  17  0:53  Hatchery  
  17  0:55  Drone  
  17  1:12  Spawning Pool  
  17  1:14  Drone  
  17  1:15  Extractor  
  16  1:21  Drone  
  16  1:22  Drone  
  18  1:30  Drone  
  19  1:45  Overlord  
  19  1:59  Queen  
  21  2:01  Zergling x2  
  21  2:04  Zergling x2  
  21  2:05  Queen  
  21  2:06  Zergling x2  
  26  2:14  Drone  
  27  2:27  Drone  
  27  2:28  Drone x2  
  30  2:32  Metabolic Boost  
  30  2:33  Overlord  
  30  2:44  Drone x2  
  32  3:01  Drone x3  
  32  3:21  Zergling x18  
  41  3:36  Drone x2  
  41  3:40  Extractor  
  42  3:41  Roach Warren  
  42  3:45  Hatchery  
  40  3:53  Drone  
  40  3:54  Drone x2  
  43  3:57  Overlord x2  
  41  4:22  Zergling x2  
  42  4:26  Drone x5  
  47  4:46  Queen  
  49  4:54  Drone  
  49  4:55  Evolution Chamber, Drone x4  
  49  4:57  Evolution Chamber  
  52  5:00  Roach x2  
  52  5:03  Overlord x2  
  52  5:04  Overlord  
  52  5:05  Roach x3  
  62  5:08  Lair  
  54  5:27  Roach  
  54  5:28  Roach x5  
  66  5:42  Spine Crawler  
  65  5:43  Roach x3  
  65  5:44  Roach x4  
  79  5:56  Roach x5  
  87  6:10  Roach  
  89  6:12  Overlord  
  89  6:13  Overlord x3  
  83  6:36  Ravager x3  
  83  6:37  Ravager x2  
  88  6:41  Drone x9  
  88  6:43  Extractor  
  88  6:46  Extractor  
  95  6:54  Extractor  
  91  7:09  Roach  
  91  7:10  Roach x5  
  91  7:35  Zergling x2  
  91  7:36  Zergling x22  
Show
View Real Time Build Order
Export as new Build Order

Casbah Terran 

Build Orders: Reaper Expand 

Get SALT Encoding   

  12  0:01  SCV  
  13  0:13  SCV  
  14  0:17  Supply Depot  
  14  0:25  SCV  
  15  0:33  Refinery  
  15  0:40  Barracks  
  15  0:45  SCV  
  16  0:57  SCV  
  17  1:10  SCV  
  18  1:27  Orbital Command  
  18  1:28  Reaper  
  19  1:42  Command Center  
  19  1:52  Supply Depot  
  19  1:59  SCV  
  19  2:00  Marine  
  21  2:16  Factory  
  21  2:24  Barracks Reactor  
  21  2:28  Refinery  
  21  2:34  SCV  
  22  2:46  SCV  
  23  2:58  SCV  
  25  3:07  Orbital Command  
  22  3:21  Hellion x2  
  22  3:24  Barracks  
  26  3:27  Barracks Tech Lab  
  26  3:30  SCV  
  26  3:31  Bunker  
  27  3:42  SCV, Hellion x2  
  32  3:50  Marine  
  32  3:53  SCV  
  32  3:55  SCV  
  35  4:00  Supply Depot  
  34  4:05  SCV  
  34  4:07  SCV  
  31  4:18  Widow Mine x2  
  31  4:23  Orbital Command  
  35  4:28  Marauder, Marine  
  35  4:30  Supply Depot  
  36  4:37  Bunker  
  36  4:47  Hellion x2  
  40  5:05  Orbital Command  
  40  5:09  Hellion x2, Stimpack, Marine  
  40  5:10  Marauder  
  47  5:30  Hellion x2  
  47  5:34  SCV  
  52  5:38  Barracks Reactor  
  52  5:40  Barracks  
  52  5:46  SCV  
  51  5:51  Hellion  
  51  5:55  Supply Depot  
  53  5:59  Supply Depot  
  53  6:00  Widow Mine  
  53  6:01  Supply Depot  
  53  6:02  Starport  
  53  6:04  Marauder  
  52  6:12  Widow Mine  
  52  6:17  Marine x2  
  52  6:25  Marauder  
  52  6:28  Widow Mine  
  50  6:44  Command Center  
  50  6:47  Marauder  
  52  6:52  Marine x2  
  54  6:56  Barracks Tech Lab  
  54  7:08  Marauder  
  27  7:44  Marauder  
  27  7:45  Marauder, Marine x2  
  27  8:03  Marine  
Tags
 
Add a new tag
Caveats
  • Supply blocks, unpowered buildings, or Contaminate may cause inaccurate times.
  • Supply counts are checked every 10 seconds.